 Seeded DCSS version 0.31-a0-354-g827e0957a7 (webtiles) character file.

Game seed: 12484992809975146672 (custom seed)

86 coffeetime the Ducker (level 4, -4/31 HPs)
             Began as a Djinni Fire Elementalist on July 24, 2023.
             Was an Initiate of Gozag.
             Shot with an arrow by a centaur (25 damage)
             ... on level 6 of the Dungeon.
             The game lasted 00:03:17 (1537 turns).

coffeetime the Ducker (Djinni Fire Elementalist)    Turns: 1537, Time: 00:03:20

Health: -4/31      AC:  3    Str:  7    XL:     4   Next: 77%
Gold:   129        EV: 13    Int: 18    God:    Gozag SH:  0 Dex: 14

rFire   + + .        e - +2 mace (heavy)
rCold   x . .        (no shield)
rNeg    . . .        a - +0 robe
rPois   ∞            b - +0 helmet
rElec   .            (no cloak)
rCorr   .            (no gloves)
SInv    .            (boots unavailable)
Will    .....        (no amulet)
Stlth   ++           (no ring)
HPRegen 0.25/turn    (no ring)
MPRegen 0.00/turn

%: infuse magic (-5 HP)
@: gold aura, flying
A: sickness immunity, fire resistance 2, cold vulnerability 1, float, innate
caster, HP casting, extra vitality 1
a: Renounce Religion, Potion Petition, Call Merchant, Bribe Branch


You were on level 6 of the Dungeon.
You worshipped Gozag.
Gozag was aware of your devotion.
You visited 1 branch of the dungeon, and saw 4 of its levels.

You collected 160 gold pieces.
You paid 31 gold pieces to Gozag.

Inventory:

Hand Weapons
 e - a +2 heavy mace (weapon)
Missiles
 c - 28 stones
 k - 4 javelins
Armour
 a - a +0 robe (worn)
 b - a +0 helmet (worn)
Jewellery
 i - a ring of the Octopus King {rC+ HP+2 AC+2 EV+2 SH+2}
   (You found it on level 2 of the Dungeon)

   [ring of protection from cold]

   AC:        It affects your AC (+2).
   EV:        It affects your evasion (+2).
   rC:        It protects you from cold.
   HP:        It affects your health (+2).
   SH:        It affects your SH (+2).
Scrolls
 d - a scroll of immolation {unknown}
 f - 6 scrolls of identify {unknown}
 g - a scroll of teleportation {unknown}
 h - 2 scrolls of fog {unknown}
 j - a scroll of revelation {unknown}
 l - a scroll of amnesia {unknown}


   Skills:
 + Level 3.4 Dodging
 + Level 2.7 Stealth
 + Level 3.3 Spellcasting
 + Level 3.3 Conjurations
 + Level 3.3 Hexes
 + Level 3.3 Summonings
 + Level 3.3 Necromancy
 + Level 3.3 Translocations
 + Level 3.3 Transmutations
 + Level 3.3 Fire Magic
 + Level 3.3 Ice Magic
 + Level 3.3 Air Magic
 + Level 3.3 Earth Magic
 + Level 3.3 Poison Magic


You knew the following spells:

 Your Spells              Type           Power      Damage    Failure   Level
a - Foxfire               Conj/Fire      60%        2x1d7     4%          1
b - Scorch                Fire           30%        2d6       6%          2
c - Volatile Blastmotes   Fire/Tloc      30%        2d12      12%         3
d - Inner Flame           Hex/Fire       15%        N/A       12%         3
e - Flame Wave            Conj/Fire      15%        2d7       36%         4
f - Shock                 Conj/Air       60%        1d6       4%          1
Your spell library was empty.

Dungeon Overview and Level Annotations

Branches:
Dungeon (3/15)

Altars:
Gozag


Innate Abilities, Weirdness & Mutations

You are immune to sickness and miasma.
You are immune to poison.
Your flesh is very heat resistant. (rF++)
You are vulnerable to cold. (rC-)
You float through the air rather than walking.
You learn spells naturally, not from books.
Your magical power is your life essence.
You have superior vitality. (+4 MHP)


Message History

You conjure some foxfire!
Your foxfire dissipates!
The foxfire hits the orc.
The orc is severely wounded.
The foxfire hits the orc.
You kill the orc!
You conjure some foxfire!
Your foxfire dissipates!
The foxfire hits the iguana but does no damage.
You conjure some foxfire!
The foxfire hits the iguana.
The iguana is lightly wounded.
Your foxfire dissipates!
The foxfire hits the iguana.
The iguana is moderately wounded.
The iguana is distracted by your dazzling golden aura.
You conjure some foxfire!
The iguana is no longer distracted by gold.
The foxfire hits the iguana.
The iguana is heavily wounded.
The foxfire hits the iguana.
The iguana is severely wounded.
Your foxfire dissipates!
You conjure some foxfire!
A centaur comes into view.
You conjure some foxfire!
The foxfire hits the iguana.
The iguana is severely wounded.
The foxfire hits the iguana.
The iguana is almost dead.
The centaur wields a +2 heavy orcbow.
The centaur shoots an arrow.
The arrow closely misses you.
Your foxfire dissipates!
You conjure some foxfire!
The foxfire hits the iguana but does no damage.
The iguana is almost dead.
The foxfire hits the iguana.
You kill the iguana!
The centaur shoots an arrow.
The arrow hits you!!
Ouch! That really hurt!
You die...
Your body crumbles into a pile of gold.

#######.######.#
.............§.#
########.######§#
.........# #§#
########.# #.#
#.# #.# #.# #.#
#.######v###
#.....§§v@§#
#########§v# .$.#
....# .....#
?.$...# c......#
$.#....##


You could see a centaur.

Vanquished Creatures
  Jessica (D:2)
  An iguana (D:6)
  2 adders (D:2)
  A worm (D:2)
  3 orcs
  7 ball pythons
  2 endoplasms (D:2)
  2 giant cockroaches
  3 goblins (D:2)
  A hobgoblin (D:2)
  2 quokkas
  2 bats
  A frilled lizard (D:2)
  4 kobolds
  8 rats
40 creatures vanquished.

Vanquished Creatures (others)
  193 foxfires
193 creatures vanquished.

Grand Total: 233 creatures vanquished

Notes
Turn   | Place    | Note
-------+----------+-------------------------------------------
     0 | D:1      | coffeetime the Djinni Fire Elementalist began the quest for
                  | the Orb.
     0 | D:1      | coffeetime set off with the following spells memorised:
                  | Foxfire, Scorch, Volatile Blastmotes, Inner Flame, Flame
                  | Wave.
     0 | D:1      | Reached XP level 1. HP: 15/15 MP: 0/0
   219 | D:1      | Reached XP level 2. HP: 21/21 MP: 0/0
   568 | D:2      | Reached XP level 3. HP: 21/25 MP: 0/0
   568 | D:2      | Learned a level 1 spell: Shock
   895 | D:2      | Reached XP level 4. HP: 27/31 MP: 0/0
   976 | D:2      | Found an opulent altar of Gozag.
   984 | D:2      | Became a worshipper of Gozag Ym Sagoz the Greedy
  1247 | D:2      | Noticed Jessica
  1251 | D:2      | Killed Jessica
  1283 | D:2      | Found the ring of the Octopus King
  1289 | D:2      | Identified a ring of the Octopus King {rC+ HP+2 AC+2 EV+2
                  | SH+2}
  1330 | D:2      | Found a faded altar of an unknown god.
  1495 | D:3      | You are sucked into a shaft and drop 3 floors!
  1535 | D:6      | Noticed a centaur
  1537 | D:6      | Shot with an arrow by a centaur

Illustrated notes

Levels and vault maps discovered:
D:1:      dpeg_arrival_prison, layout_basic, chequers_decorated_corner
D:2:      minmay_recursive_quarters, layout_basic,
          ebering_ecumenical_altar_sacrificial, basic_altar, uniq_jessica
D:3:      layout_rooms, biasface_ghost_orc_armoury
D:6:      cheibrodos_steamvent, layout_basic, grunt_decor_one_mirror,
          roderic_batcave

Skill      XL: |  1  2  3 |
---------------+----------+-----
Spellcasting   | |  3.3
Conjurations   | |  3.3
Hexes          | |  3.3
Summonings     | |  3.3
Necromancy     | |  3.3
Translocations | |  3.3
Transmutations | |  3.3
Fire Magic     | |  3.3
Ice Magic      | |  3.3
Air Magic      | |  3.3
Earth Magic    | |  3.3
Poison Magic   | |  3.3
Stealth        | 2 |  2.7
Dodging        | 3 |  3.4

Action                     |  1- 3 |  4- 6 || total
---------------------------+-------+-------++-------
  Melee: Unarmed           |     3 |       ||     3
   Cast: Foxfire           |    81 |    37 ||   118
 Armour: Robe              |     5 |     1 ||     6
  Dodge: Dodged            |     6 |     2 ||     8

Table legend: (Time is in decaauts)
 A = Elapsed time spent in this place.
 B = Non-inter-level travel time spent in this place.
 C = Inter-level travel time spent in this place.
 D = Time resting spent in this place.
 E = Time spent auto-exploring this place.
 F = Levels seen in this place.
 G = Mean time per level.
                   A        B        C        D        E       F      G
               +--------+--------+--------+--------+--------+-----+--------+
         Total |   1535 |   1513 |     22 |      0 |   1289 |   4 |  383.8 |
       Dungeon |   1535 |   1513 |     22 |      0 |   1289 |   4 |  383.8 |
               +--------+--------+--------+--------+--------+-----+--------+

Top non-repeatable levels by time:
     D:2: 978 daAuts
     D:1: 458 daAuts
     D:3: 56 daAuts
     D:6: 41 daAuts
